 Dungeon Crawl Stone Soup version 0.23.2 (webtiles) character file.

Game seed: 3803357162783704592

189 JaketheDog the Skirmisher (level 5, -5/43 HPs)
             Began as a Minotaur Berserker on May 2, 2019.
             Was an Initiate of Hepliaklqana.
             Slain by a polar bear (14 damage)
             ... created by the rage of Trog
             ... on level 4 of the Dungeon.
             The game lasted 00:12:44 (2145 turns).

JaketheDog the Skirmisher (Minotaur Berserker)      Turns: 2145, Time: 00:12:47

Health: -5/43      AC:  5    Str: 23    XL:     5   Next: 40%
Magic:  4/4        EV: 12    Int:  4    God:    Hepliaklqana [......]
Gold:   133        SH:  0    Dex:  9    Spells: 4/4 levels left

rFire    . . .     SeeInvis .   g - +2 short sword (speed)
rCold    . . .     Gourm    .   (no shield)
rNeg     . . .     Faith    .   i - +0 ring mail
rPois    .         Spirit   .   (helmet restricted)
rElec    .         Reflect  .   (no cloak)
rCorr    .         Harm     .   (no gloves)
MR       .....                  (no boots)
Stlth    +.........             (no amulet)
HPRegen  0.14/turn              (no ring)
MPRegen  0.09/turn              (no ring)

@: no status effects
A: retaliatory headbutt, reduced essence, horns 2
a: Recall Ancestor, Ancestor Identity, Renounce Religion


You were on level 4 of the Dungeon.
You worshipped Hepliaklqana.
Hepliaklqana was noncommittal.
You were not hungry.

You visited 1 branch of the dungeon, and saw 4 of its levels.

You collected 133 gold pieces.

Inventory:

Hand Weapons
 g - a +2 short sword of speed (weapon)
Armour
 i - a +0 ring mail (worn)
Jewellery
 j - a +3 ring of strength {unknown}
Wands
 p - a wand of polymorph (10)
Scrolls
 e - 2 scrolls of teleportation {unknown}
 f - 2 scrolls of identify {unknown}
 h - 3 scrolls of remove curse {unknown}
 l - 2 scrolls of magic mapping {unknown}
 m - a scroll of immolation {unknown}
Potions
 a - 3 potions of lignification {unknown}
 b - 2 potions of curing {unknown}
 d - a potion of mutation {unknown}
 k - 2 potions of heal wounds {unknown}
 n - a potion of magic {unknown}
 o - a potion of might {unknown}
Comestibles
 c - 3 rations


   Skills:
 + Level 5.2 Fighting
 + Level 2.6(3.5) Short Blades
   Level 4.0(4.4) Long Blades
 + Level 3.5 Armour
 + Level 2.9 Dodging
 + Level 0.7 Stealth


You had 4 spell levels left.
You didn't know any spells.
Your spell library was empty.

Dungeon Overview and Level Annotations

Branches:
Dungeon (4/15)
 Temple: D:4-7

Altars:
Elyvilon
Hepliaklqana


Innate Abilities, Weirdness & Mutations

You reflexively headbutt those who attack you in melee.
You have a pair of horns on your head.
Your life essence is reduced to manifest your ancestor. (-10% HP)


Message History

The polar bear closely misses Zimri-Dagan.
The polar bear claws Zimri-Dagan.
The polar bear misses Zimri-Dagan.
The polar bear closely misses Zimri-Dagan.
The polar bear barely misses Zimri-Dagan.
The polar bear bites you. The polar bear barely misses you.
The polar bear claws you but does no damage.
You hit the polar bear. You headbutt the polar bear.
The polar bear is lightly wounded.
The polar bear bites Zimri-Dagan!
Zimri-Dagan is destroyed!
The polar bear bites you but does no damage.
The polar bear closely misses you.
The polar bear claws you but does no damage.
You hit the polar bear.
The polar bear is lightly wounded.
The polar bear rages.
The polar bear bites you!! The polar bear claws you. x2
* * * LOW HITPOINT WARNING * * *
The polar bear bites you!
You die...

##### #...#
########...###
#............##########
#.####.........hhh.....
#.<........##h######
.....#......####@#
##.##.......# #h# #
......#### #.# #####.##
#.# #.# #.# #.# #.# #+#
#.. #.#


You could see 3 polar bears and a black bear (berserk).

Vanquished Creatures
  A quasit (D:3)
  A hound (D:2)
  4 adders (D:2)
  2 oozes
  A worm (D:2)
  A dart slug (D:1)
  3 leopard geckos (D:2)
  3 bats
  2 giant cockroaches (D:2)
  10 goblins
  4 hobgoblins
  11 kobolds
  A quokka (D:3)
  2 frilled lizards (D:2)
  4 rats
50 creatures vanquished.

Vanquished Creatures (collateral kills)
  Jessica (D:3)
  A goblin (D:3)
2 creatures vanquished.

Vanquished Creatures (others)
  An ancestor (D:4)
1 creature vanquished.

Grand Total: 53 creatures vanquished

Notes
Turn   | Place    | Note
-------+----------+-------------------------------------------
     0 | D:1      | JaketheDog the Minotaur Berserker began the quest for the
                  | Orb.
     0 | D:1      | Reached XP level 1. HP: 19/19 MP: 0/0
    49 | D:1      | Reached skill level 4 in Fighting
   275 | D:1      | Reached XP level 2. HP: 25/27 MP: 1/1
   654 | D:2      | Reached XP level 3. HP: 27/34 MP: 2/2
   970 | D:2      | Reached ** piety under Trog
   972 | D:2      | Reached XP level 4. HP: 37/41 MP: 3/3
  1096 | D:2      | Reached skill level 5 in Fighting
  1096 | D:2      | Reached skill level 1 in Short Blades
  1548 | D:3      | Reached XP level 5. HP: 45/48 MP: 4/4
  1657 | D:3      | Found a white marble altar of Elyvilon.
  1669 | D:3      | Found a hazy altar of Hepliaklqana.
  1684 | D:3      | Fell from the grace of Trog
  1684 | D:3      | Became a worshipper of Hepliaklqana the Forgotten
  1697 | D:3      | Noticed Jessica
  1710 | D:3      | Killed Jessica
  2141 | D:4      | Noticed a black bear
  2141 | D:4      | Noticed a polar bear
  2141 | D:4      | Noticed a polar bear
  2141 | D:4      | Noticed a polar bear
  2141 | D:4      | Noticed a polar bear
  2145 | D:4      | Slain by a polar bear

Skill      XL: |  1  2  3  4  5 |
---------------+----------------+-----
Fighting       | 4 5 |  5.2
Long Blades    | 4 |  4.0
Armour         | 3 |  3.5
Short Blades   | 1 2 |  2.6
Dodging        | |  2.9
Stealth        | |  0.7

Action                   |  1- 3 |  4- 6 || total
-------------------------+-------+-------++-------
Melee: Falchion          |     9 |       ||     9
       Headbutt          |     9 |     9 ||    18
       Short sword       |    48 |    73 ||   121
       Unarmed           |       |     7 ||     7
 Stab: Sleeping          |     1 |       ||     1
  Eat: Chunk             |       |     1 ||     1
       Ration            |       |     1 ||     1
Armor: Animal skin       |     1 |       ||     1
       Ring mail         |    11 |    28 ||    39
Dodge: Dodged            |    23 |    40 ||    63
       Rpst.: Falchion   |     2 |       ||     2
